 Dungeon Sprint DCSS version 0.30-a0-135-g630cfc4551 (webtiles) character file.

Game seed: 17835526726657354050

7200000 ytrimaz the Blood Saint (level 27, -5/249 HPs)
             Began as a Demonspawn Enchanter on Sept 20, 2022.
             Was the Champion of Makhleb.
             Killed by the air
             ... invoked by a tyrant
              (25 damage)
             ... in the Dungeon (Sprint VIII: "Arena of Blood").
             The game lasted 00:05:34 (72 turns).

ytrimaz the Blood Saint (Demonspawn Enchanter)        Turns: 72, Time: 00:05:35

Health: -5/249     AC:  4    Str: 20    XL:     27
Magic:  0/54       EV: 26    Int: 19    God:    Makhleb [******]
Gold:   0          SH:  0    Dex: 14    Spells: 80/80 levels left

rFire   . . .      SeeInvis .    j - +∞ Axe of Woe
rCold   . . .      Faith    .    (shield currently unavailable)
rNeg    . . .      Spirit   +    b - +0 robe
rPois   .          Reflect  .    (no helmet)
rElec   .          Harm     .    (no cloak)
rCorr   .          Rampage  .    (no gloves)
Will    +++..      NoTele   +    (boots unavailable)
Stlth   +++++++++.               (no amulet)
HPRegen 0.51/turn                (no ring)
MPRegen 0.68/turn                (no ring)

@: no status effects
A: hooves 3, demonic guardian 3, hurl damnation, torment resistance 1, magic
shield, magic regeneration, magic link, sturdy frame 3, demonic willpower
a: Hurl Damnation, Renounce Religion, Minor Destruction, Lesser Servant of
Makhleb, Major Destruction, Greater Servant of Makhleb


You were in the Dungeon.
You worshipped Makhleb.
Makhleb was exalted by your worship.
You visited 1 branch


Innate Abilities, Weirdness & Mutations

You have hooves in place of feet.
A powerful demonic guardian rushes to your aid.
You can hurl damnation.
You are resistant to unholy torment.
When hurt, damage is shared between your health and your magic reserves.
You regenerate magic rapidly.
When low on magic, you restore magic in place of health.
Your movements are significantly less encumbered by armour. (ER -6)
You punish those that try to bend your will. (Will+)


   Skills:
 O Level 27 Fighting
 O Level 27 Short Blades
 O Level 27 Long Blades
 O Level 27 Axes
 O Level 27 Maces & Flails
 O Level 27 Polearms
 O Level 27 Staves
 + Level 23.7 Ranged Weapons
 + Level 23.7 Throwing
 O Level 27 Armour
 O Level 27 Dodging
 O Level 27 Stealth
 + Level 23.8 Shields
 O Level 27 Unarmed Combat
 O Level 27 Spellcasting
 + Level 25.5 Conjurations
 O Level 27 Hexes
 + Level 25.5 Summonings
 O Level 27 Necromancy
 + Level 23.7 Translocations
 + Level 23.7 Transmutations
 + Level 23.7 Fire Magic
 + Level 23.7 Ice Magic
 + Level 23.7 Air Magic
 + Level 23.6 Earth Magic
 + Level 25.6 Poison Magic
 O Level 27 Invocations
 + Level 25.5 Evocations


You had 80 spell levels left.
You didn't know any spells.
Your spell library contained the following spells:

 Spells                   Type           Power      Damage    Failure   Level
 Ensorcelled Hibernation  Hex/Ice        100%       N/A       0%          2
 Confusing Touch          Hex            91%        N/A       0%          3
 Dazzling Flash           Conj/Hex       100%       N/A       0%          3
 Tukima's Dance           Hex            91%        N/A       0%          3

Inventory:

Hand Weapons
 a - a +1 dagger
 j - the +∞ Axe of Woe (weapon)
   (You found it in the Dungeon)
Armour
 b - a +0 robe (worn)
Scrolls
 i - a scroll of blinking
Potions
 c - 2 potions of invisibility
 d - a potion of curing
 e - a potion of heal wounds
 f - a potion of haste
 g - 2 potions of magic
 h - a potion of berserk rage

Dungeon Overview and Level Annotations

Branches:
Dungeon (1/1) Zot: 27000

Altars:
Makhleb

Annotations:
D The Captor

....o...... ....
...........O........
.......... .......oO
#.......# ......O..
#.......# .2.......
.###....)))###O..O....
......###))..)........
......._)))MX)o)......
....#..)X§#L°§@o..#. .
#_.<._#.))oo§.o...
#.....#WX.W.o#.#.#
....._....L.....oo.
......###oX......@#.#.
.###.. ...X###......W.
#....oX.# .W.......
#.......# ........ ..
..


You could see an accursed, 2 tentacled monstrosities, a meat beast (wandering,
fast), 2 tyrants, a large bag of meat (inner flame), 3 large abominations, 4
dreads, 4 meat berserkers, The Captor (fast) and 11 bags of meat.


Message History

The accursed points at you and mumbles some strange words.
Something smites you!
* * * LOW HITPOINT WARNING * * *
You hear a shout! x2
A bag of meat comes into view. It is wielding a +9 war axe.
You hear a shout!
A meat berserker comes into view. It is wielding a +9 battleaxe.
A bag of meat comes into view. It is wielding a +9 war axe.
The dread calls on the powers of darkness!
The Captor convulses!
The bag of meat convulses! x4
The meat berserker convulses!
The bag of meat convulses!
Your body is wracked with pain!
* * * LOW HITPOINT WARNING * * *
The bag of meat convulses!
Your lorocyproca is engulfed in blazing flames.
Your lorocyproca hits the tyrant!!
The tyrant's magic leaks into the air.
The bag of meat is engulfed in blazing flames.
The meat berserker hits you with a +9 battleaxe!!!!
* * * LOW HITPOINT WARNING * * *
The bag of meat shouts!
Your Conjurations skill increases to level 25!
Your Summonings skill increases to level 25!
You have mastered Necromancy!
Your Poison Magic skill increases to level 25!
Your Evocations skill increases to level 25! 😱 HP[-167] MP[-4]
You take 167 damage, and now have 11/249 hp.
MASSIVE DAMAGE!! (PAUSE)
You lost 4 mp, and now have 0/54 mp.
Unknown command.
Unknown command.
You slash the bag of meat! You chop the bag of meat into pieces.
You kill the bag of meat!
Makhleb accepts your kill.
You feel better.
You slash the bag of meat!
You dissect the bag of meat like a pig carcass.
You kill the bag of meat!
Makhleb accepts your kill.
You feel better.
You slice the bag of meat!!
You fatally mangle the bag of meat.
You kill the bag of meat!
Makhleb accepts your kill.
You feel better.
You dice the meat berserker like an onion!!!
You slaughter the meat berserker joyfully.
You kill the meat berserker!
Makhleb accepts your kill.
You hit the bag of meat.
You fatally mangle the bag of meat.
You kill the bag of meat!
Makhleb accepts your kill.
You feel better.
You are engulfed in blazing flames.
* * * LOW HITPOINT WARNING * * *
You hear a shout!
The tyrant falters for a moment.
You hear a shout! x3
A dread comes into view.
You hear a shout!
The accursed closely misses your lorocyproca.
The dread calls on the powers of darkness!
The bag of meat convulses! x2
Your body is wracked with pain!
* * * LOW HITPOINT WARNING * * *
The bag of meat convulses!
The Captor convulses!
The bag of meat convulses! x4
The meat berserker convulses!
You hear a shout! x3 😨 HP[+55] MP[+1]
You regained 55 hp, and now have 66/249 hp.
Unknown command.
Unknown command.
Unknown command.
Unknown command.
Unknown command.
Unknown command.
Unknown command.
Okay, then.
Unknown command.
Unknown command.
You are engulfed in blazing flames.
* * * LOW HITPOINT WARNING * * *
A meat beast comes into view.
The tyrant casts a spell.
Send 'em back where they came from!
Your lorocyproca disappears in a puff of smoke!
You hear a shout!
A meat berserker comes into view. It is wielding a +9 battleaxe. x2
The dread calls on the powers of darkness!
The bag of meat convulses! x6
Your body is wracked with pain!
* * * LOW HITPOINT WARNING * * *
The bag of meat convulses!
The Captor convulses!
The bag of meat convulses! x2
The meat berserker convulses! x2
The Captor casts a spell.
The Captor seems to speed up.
The accursed points at you and mumbles some strange words.
Something smites you!
* * * LOW HITPOINT WARNING * * *
The tyrant falters for a moment.
The tyrant waves its bony arms in wide circles.
The air twists around and strikes you!!
You die...

Skill      XL: |  1  2  3  4  5  6  7  8  9 10 11 12 13 14 15 16 17 18 19 20 21 22 23 24 25 26 27 |
---------------+----------------------------------------------------------------------------------+-----
Short Blades   | 12 13 15 16 18 20 21 23 25 27 | 27.0
Dodging        | 12 13 15 17 18 20 21 23 25 27 | 27.0
Stealth        | 13 14 16 17 18 20 22 23 24 27 | 27.0
Spellcasting   | 12 13 15 17 18 20 21 23 25 27 | 27.0
Hexes          | 14 16 17 18 20 22 23 25 27 | 27.0
Fighting       | 3 9 10 12 15 18 19 21 24 27 | 27.0
Long Blades    | 3 8 9 11 14 16 18 20 22 25 27 | 27.0
Axes           | 3 8 9 11 14 16 18 20 22 25 27 | 27.0
Armour         | 3 8 9 11 14 16 18 20 22 25 27 | 27.0
Unarmed Combat | 3 8 9 11 14 16 18 20 22 25 27 | 27.0
Invocations    | 5 12 13 16 19 22 24 27 | 27.0
Maces & Flails | 20 27 | 27.0
Polearms       | 27 | 27.0
Staves         | 24 27 | 27.0
Ranged Weapons | 9 14 19 23 | 23.7
Throwing       | 9 14 19 23 | 23.7
Shields        | 9 14 19 23 | 23.8
Conjurations   | 10 15 20 25 | 25.5
Summonings     | 10 15 20 25 | 25.5
Necromancy     | 10 17 22 27 | 27.0
Translocations | 9 14 19 23 | 23.7
Transmutations | 9 14 19 23 | 23.7
Fire Magic     | 9 14 19 23 | 23.7
Ice Magic      | 9 14 19 23 | 23.7
Air Magic      | 9 14 19 23 | 23.7
Earth Magic    | 9 14 19 23 | 23.6
Poison Magic   | 10 15 20 25 | 25.6
Evocations     | 10 15 20 25 | 25.5

Action                   |  1- 3 |  4- 6 |  7- 9 | 10-12 | 13-15 | 16-18 | 19-21 | 22-24 | 25-27 || total
-------------------------+-------+-------+-------+-------+-------+-------+-------+-------+-------++-------
Melee: Executioner's axe |     1 |       |       |     2 |     3 |     8 |    12 |    11 |    16 ||    53
 Stab: Distracted        |       |       |       |       |       |     1 |       |       |       ||     1
Dodge: Dodged            |       |       |       |       |       |     1 |     1 |       |     2 ||     4

Levels and vault maps discovered:
D:        meatsprint

Notes
Turn   | Place    | Note
-------+----------+-------------------------------------------
     0 | D        | Found the +∞ Axe of Woe
     0 | D        | ytrimaz the Demonspawn Enchanter began the quest for the
                  | Orb.
     0 | D        | Reached XP level 1. HP: 13/13 MP: 3/3
     0 | D        | magus.rc [v1.9.6]
     3 | D        | Became a worshipper of Makhleb the Destroyer
     4 | D        | Noticed a meat berserker
     5 | D        | Noticed a bag of meat
     6 | D        | Noticed a bag of meat
     8 | D        | Killed a meat berserker
     8 | D        | Noticed a meat berserker
     8 | D        | Noticed a meat berserker
     9 | D        | Reached skill level 12 in Short Blades
     9 | D        | Reached skill level 12 in Dodging
     9 | D        | Reached skill level 13 in Stealth
     9 | D        | Reached skill level 12 in Spellcasting
     9 | D        | Reached skill level 14 in Hexes
     9 | D        | Gained mutation: You regenerate magic rapidly. [demonic
                  | ancestry]
     9 | D        | Reached XP level 2. HP: 19/19 MP: 3/15
     9 | D        | Reached XP level 3. HP: 24/24 MP: 3/17
     9 | D        | Gained mutation: You have large cloven feet. [demonic
                  | ancestry]
     9 | D        | Reached XP level 4. HP: 30/30 MP: 3/18
     9 | D        | Reached XP level 5. HP: 35/35 MP: 3/20
     9 | D        | Gained mutation: Your movements are slightly less
                  | encumbered by armour. (ER -2) [demonic ancestry]
     9 | D        | Reached XP level 6. HP: 41/41 MP: 3/21
     9 | D        | Gained mutation: You have hoof-like feet. [demonic
                  | ancestry]
     9 | D        | Reached XP level 7. HP: 46/46 MP: 3/23
     9 | D        | Gained mutation: You have hooves in place of feet. [demonic
                  | ancestry]
     9 | D        | Reached XP level 8. HP: 52/52 MP: 3/24
     9 | D        | Reached XP level 9. HP: 57/57 MP: 3/25
     9 | D        | Reached XP level 10. HP: 63/63 MP: 3/26
     9 | D        | Gained mutation: Your movements are less encumbered by
                  | armour. (ER -4) [demonic ancestry]
     9 | D        | Reached XP level 11. HP: 68/68 MP: 3/27
     9 | D        | Noticed a meat berserker
     9 | D        | Noticed a bag of meat
     9 | D        | Noticed a bag of meat
     9 | D        | Noticed a bag of meat
    10 | D        | Killed a bag of meat
    10 | D        | Reached * piety under Makhleb
    10 | D        | Noticed a bag of meat
    10 | D        | Noticed a bag of meat
    10 | D        | Noticed a meat berserker
    11 | D        | Reached skill level 3 in Fighting
    11 | D        | Reached skill level 13 in Short Blades
    11 | D        | Reached skill level 3 in Long Blades
    11 | D        | Reached skill level 3 in Axes
    11 | D        | Reached skill level 3 in Armour
    11 | D        | Reached skill level 13 in Dodging
    11 | D        | Reached skill level 14 in Stealth
    11 | D        | Reached skill level 3 in Unarmed Combat
    11 | D        | Reached skill level 13 in Spellcasting
    11 | D        | Reached skill level 5 in Invocations
    11 | D        | Reached XP level 12. HP: 43/83 MP: 4/29
    11 | D        | Killed a meat berserker
    11 | D        | Killed a meat berserker
    11 | D        | Killed a meat berserker
    11 | D        | Reached ** piety under Makhleb
    11 | D        | Noticed a bag of meat
    11 | D        | Noticed a bag of meat
    12 | D        | Reached skill level 9 in Fighting
    12 | D        | Reached skill level 15 in Short Blades
    12 | D        | Reached skill level 8 in Long Blades
    12 | D        | Reached skill level 8 in Axes
    12 | D        | Reached skill level 8 in Armour
    12 | D        | Reached skill level 15 in Dodging
    12 | D        | Reached skill level 16 in Stealth
    12 | D        | Reached skill level 8 in Unarmed Combat
    12 | D        | Reached skill level 15 in Spellcasting
    12 | D        | Reached skill level 16 in Hexes
    12 | D        | Reached skill level 12 in Invocations
    12 | D        | Gained mutation: A weak demonic guardian rushes to your
                  | aid. [demonic ancestry]
    12 | D        | Reached XP level 13. HP: 36/102 MP: 4/32
    12 | D        | Gained mutation: Your movements are significantly less
                  | encumbered by armour. (ER -6) [demonic ancestry]
    12 | D        | Reached XP level 14. HP: 39/109 MP: 4/33
    12 | D        | Noticed a bag of meat
    12 | D        | Killed a meat berserker
    13 | D        | Reached skill level 10 in Fighting
    13 | D        | Reached skill level 9 in Long Blades
    13 | D        | Reached skill level 9 in Axes
    13 | D        | Reached skill level 9 in Armour
    13 | D        | Reached skill level 17 in Stealth
    13 | D        | Reached skill level 9 in Unarmed Combat
    13 | D        | Reached skill level 17 in Hexes
    13 | D        | Reached skill level 13 in Invocations
    13 | D        | Reached XP level 15. HP: 72/117 MP: 5/34
    13 | D        | Noticed a meat berserker
    13 | D        | Reached *** piety under Makhleb
    14 | D        | Reached skill level 12 in Fighting
    14 | D        | Reached skill level 16 in Short Blades
    14 | D        | Reached skill level 11 in Long Blades
    14 | D        | Reached skill level 11 in Axes
    14 | D        | Reached skill level 11 in Armour
    14 | D        | Reached skill level 16 in Dodging
    14 | D        | Reached skill level 18 in Stealth
    14 | D        | Reached skill level 11 in Unarmed Combat
    14 | D        | Reached skill level 16 in Spellcasting
    14 | D        | Reached skill level 18 in Hexes
    14 | D        | Reached skill level 15 in Invocations
    14 | D        | Reached **** piety under Makhleb
    14 | D        | Noticed a large bag of meat
    15 | D        | Reached skill level 17 in Dodging
    15 | D        | Reached skill level 17 in Spellcasting
    15 | D        | Reached skill level 16 in Invocations
    15 | D        | Gained mutation: A demonic guardian rushes to your aid.
                  | [demonic ancestry]
    15 | D        | Reached XP level 16. HP: 129/129 MP: 6/37
    16 | D        | Reached skill level 13 in Fighting
    16 | D        | Reached skill level 17 in Short Blades
    16 | D        | Reached skill level 12 in Long Blades
    16 | D        | Reached skill level 12 in Axes
    16 | D        | Reached skill level 12 in Armour
    16 | D        | Reached skill level 19 in Stealth
    16 | D        | Reached skill level 12 in Unarmed Combat
    16 | D        | Reached skill level 19 in Hexes
    16 | D        | Reached skill level 17 in Invocations
    16 | D        | Noticed a meat berserker
    17 | D        | Noticed a large bag of meat
    17 | D        | Killed a meat berserker
    17 | D        | Reached ***** piety under Makhleb
    18 | D        | Reached skill level 14 in Fighting
    18 | D        | Reached skill level 18 in Short Blades
    18 | D        | Reached skill level 13 in Long Blades
    18 | D        | Reached skill level 13 in Axes
    18 | D        | Reached skill level 13 in Armour
    18 | D        | Reached skill level 18 in Dodging
    18 | D        | Reached skill level 13 in Unarmed Combat
    18 | D        | Reached skill level 18 in Spellcasting
    18 | D        | Reached skill level 18 in Invocations
    18 | D        | Noticed a destroyer
    18 | D        | Noticed a large bag of meat
    19 | D        | Reached skill level 15 in Fighting
    19 | D        | Reached skill level 14 in Long Blades
    19 | D        | Reached skill level 14 in Axes
    19 | D        | Reached skill level 14 in Armour
    19 | D        | Reached skill level 20 in Stealth
    19 | D        | Reached skill level 14 in Unarmed Combat
    19 | D        | Reached skill level 20 in Hexes
    19 | D        | Reached skill level 19 in Invocations
    19 | D        | Reached XP level 17. HP: 142/142 MP: 9/39
    19 | D        | Noticed a meat berserker
    20 | D        | Killed a large bag of meat
    20 | D        | Killed a meat berserker
    21 | D        | Reached skill level 16 in Fighting
    21 | D        | Reached skill level 19 in Short Blades
    21 | D        | Reached skill level 15 in Long Blades
    21 | D        | Reached skill level 15 in Axes
    21 | D        | Reached skill level 15 in Armour
    21 | D        | Reached skill level 19 in Dodging
    21 | D        | Reached skill level 15 in Unarmed Combat
    21 | D        | Reached skill level 19 in Spellcasting
    21 | D        | Reached skill level 21 in Hexes
    21 | D        | Reached skill level 20 in Invocations
    21 | D        | Killed a large bag of meat
    21 | D        | Killed a destroyer
    22 | D        | Reached skill level 18 in Fighting
    22 | D        | Reached skill level 20 in Short Blades
    22 | D        | Reached skill level 16 in Long Blades
    22 | D        | Reached skill level 16 in Axes
    22 | D        | Reached skill level 16 in Armour
    22 | D        | Reached skill level 20 in Dodging
    22 | D        | Reached skill level 22 in Stealth
    22 | D        | Reached skill level 16 in Unarmed Combat
    22 | D        | Reached skill level 20 in Spellcasting
    22 | D        | Reached skill level 22 in Hexes
    22 | D        | Reached skill level 22 in Invocations
    22 | D        | Reached XP level 18. HP: 113/157 MP: 11/42
    22 | D        | Noticed a large bag of meat
    22 | D        | Killed a large bag of meat
    22 | D        | Noticed a destroyer
    22 | D        | Noticed a meat berserker
    23 | D        | Reached skill level 17 in Long Blades
    23 | D        | Reached skill level 17 in Axes
    23 | D        | Reached skill level 17 in Armour
    23 | D        | Reached skill level 17 in Unarmed Combat
    23 | D        | Reached skill level 23 in Invocations
    23 | D        | Killed a meat berserker
    23 | D        | Reached ****** piety under Makhleb
    24 | D        | Reached skill level 19 in Fighting
    24 | D        | Reached skill level 21 in Short Blades
    24 | D        | Reached skill level 21 in Dodging
    24 | D        | Reached skill level 23 in Stealth
    24 | D        | Reached skill level 21 in Spellcasting
    24 | D        | Reached skill level 23 in Hexes
    24 | D        | Reached skill level 24 in Invocations
    24 | D        | Noticed a large bag of meat
    24 | D        | Killed a large bag of meat
    24 | D        | Noticed an eight-headed meat hydra
    24 | D        | Noticed a meat berserker
    25 | D        | Reached skill level 18 in Long Blades
    25 | D        | Reached skill level 18 in Axes
    25 | D        | Reached skill level 18 in Armour
    25 | D        | Reached skill level 18 in Unarmed Combat
    25 | D        | Reached XP level 19. HP: 113/168 MP: 12/44
    25 | D        | Noticed a meat berserker
    26 | D        | Reached skill level 20 in Fighting
    26 | D        | Reached skill level 22 in Short Blades
    26 | D        | Reached skill level 22 in Dodging
    26 | D        | Reached skill level 22 in Spellcasting
    26 | D        | Reached skill level 25 in Invocations
    26 | D        | Noticed a destroyer
    26 | D        | Noticed a meat berserker
    27 | D        | Reached skill level 19 in Long Blades
    27 | D        | Reached skill level 19 in Axes
    27 | D        | Reached skill level 19 in Armour
    27 | D        | Reached skill level 24 in Stealth
    27 | D        | Reached skill level 19 in Unarmed Combat
    27 | D        | Reached skill level 24 in Hexes
    27 | D        | Killed a meat berserker
    28 | D        | Reached skill level 21 in Fighting
    28 | D        | Reached skill level 26 in Invocations
    28 | D        | Killed a destroyer
    28 | D        | Noticed a meat berserker
    29 | D        | Reached skill level 23 in Short Blades
    29 | D        | Reached skill level 20 in Long Blades
    29 | D        | Reached skill level 20 in Axes
    29 | D        | Reached skill level 20 in Armour
    29 | D        | Reached skill level 23 in Dodging
    29 | D        | Reached skill level 20 in Unarmed Combat
    29 | D        | Reached skill level 23 in Spellcasting
    29 | D        | Reached skill level 25 in Hexes
    29 | D        | Reached skill level 27 in Invocations
    29 | D        | Gained mutation: When hurt, damage is shared between your
                  | health and your magic reserves. [demonic ancestry]
    29 | D        | Reached XP level 20. HP: 95/181 MP: 15/47
    29 | D        | Killed a nine-headed meat hydra
    29 | D        | Killed a meat berserker
    29 | D        | Noticed a meat berserker
    30 | D        | Reached skill level 22 in Fighting
    30 | D        | Reached skill level 25 in Stealth
    30 | D        | Noticed a meat berserker
    31 | D        | Noticed a destroyer
    31 | D        | Killed a destroyer
    31 | D        | Killed a meat berserker
    32 | D        | Reached skill level 23 in Fighting
    32 | D        | Reached skill level 24 in Short Blades
    32 | D        | Reached skill level 21 in Long Blades
    32 | D        | Reached skill level 21 in Axes
    32 | D        | Reached skill level 21 in Armour
    32 | D        | Reached skill level 24 in Dodging
    32 | D        | Reached skill level 26 in Stealth
    32 | D        | Reached skill level 21 in Unarmed Combat
    32 | D        | Reached skill level 24 in Spellcasting
    32 | D        | Reached skill level 26 in Hexes
    32 | D        | Killed a large bag of meat
    32 | D        | Killed a meat berserker
    33 | D        | Reached skill level 24 in Fighting
    33 | D        | Reached skill level 25 in Short Blades
    33 | D        | Reached skill level 22 in Long Blades
    33 | D        | Reached skill level 22 in Axes
    33 | D        | Reached skill level 22 in Armour
    33 | D        | Reached skill level 25 in Dodging
    33 | D        | Reached skill level 27 in Stealth
    33 | D        | Reached skill level 22 in Unarmed Combat
    33 | D        | Reached skill level 25 in Spellcasting
    33 | D        | Reached skill level 27 in Hexes
    33 | D        | Gained mutation: A powerful demonic guardian rushes to your
                  | aid. [demonic ancestry]
    33 | D        | Reached XP level 21. HP: 142/195 MP: 8/50
    34 | D        | Reached skill level 25 in Fighting
    34 | D        | Reached skill level 23 in Long Blades
    34 | D        | Reached skill level 23 in Axes
    34 | D        | Reached skill level 23 in Armour
    34 | D        | Reached skill level 23 in Unarmed Combat
    37 | D        | Reached skill level 26 in Fighting
    37 | D        | Reached skill level 26 in Short Blades
    37 | D        | Reached skill level 24 in Long Blades
    37 | D        | Reached skill level 24 in Axes
    37 | D        | Reached skill level 24 in Armour
    37 | D        | Reached skill level 26 in Dodging
    37 | D        | Reached skill level 24 in Unarmed Combat
    37 | D        | Reached skill level 26 in Spellcasting
    37 | D        | Noticed The Servant
    38 | D        | Noticed a destroyer
    38 | D        | Noticed a destroyer
    38 | D        | Killed a destroyer
    39 | D        | Reached skill level 27 in Fighting
    39 | D        | Reached skill level 27 in Short Blades
    39 | D        | Reached skill level 25 in Long Blades
    39 | D        | Reached skill level 25 in Axes
    39 | D        | Reached skill level 25 in Armour
    39 | D        | Reached skill level 27 in Dodging
    39 | D        | Reached skill level 25 in Unarmed Combat
    39 | D        | Reached skill level 27 in Spellcasting
    39 | D        | Reached XP level 22. HP: 212/212 MP: 8/53
    39 | D        | Noticed a destroyer
    40 | D        | Reached skill level 26 in Long Blades
    40 | D        | Reached skill level 26 in Axes
    40 | D        | Reached skill level 26 in Armour
    40 | D        | Reached skill level 26 in Unarmed Combat
    41 | D        | Noticed a large bag of meat
    42 | D        | Reached skill level 27 in Long Blades
    42 | D        | Reached skill level 27 in Axes
    42 | D        | Reached skill level 27 in Armour
    42 | D        | Reached skill level 27 in Unarmed Combat
    42 | D        | Reached skill level 4 in Maces & Flails
    42 | D        | Reached skill level 6 in Polearms
    42 | D        | Noticed a destroyer
    43 | D        | Killed a destroyer
    43 | D        | Noticed a tyrant
    44 | D        | Reached skill level 14 in Maces & Flails
    44 | D        | Reached skill level 19 in Polearms
    44 | D        | Killed a tyrant
    44 | D        | Killed a destroyer
    44 | D        | Killed a destroyer
    44 | D        | Noticed a destroyer
    45 | D        | Reached skill level 20 in Maces & Flails
    45 | D        | Reached skill level 27 in Polearms
    45 | D        | Reached XP level 23. HP: 219/219 MP: 5/54
    46 | D        | Killed The Servant
    47 | D        | Reached skill level 27 in Maces & Flails
    47 | D        | Reached skill level 15 in Staves
    47 | D        | Killed a destroyer
    48 | D        | Reached skill level 24 in Staves
    48 | D        | Gained mutation: You punish those that try to bend your
                  | will. (Will+) [demonic ancestry]
    48 | D        | Reached XP level 24. HP: 227/227 MP: 3/54
    48 | D        | magus.rc [v1.9.6]
    48 | D        | Noticed a destroyer
    49 | D        | Noticed a tyrant
    50 | D        | Reached skill level 27 in Staves
    50 | D        | Reached skill level 3 in Ranged Weapons
    50 | D        | Reached skill level 3 in Throwing
    50 | D        | Reached skill level 3 in Shields
    50 | D        | Reached skill level 4 in Conjurations
    50 | D        | Reached skill level 4 in Summonings
    50 | D        | Reached skill level 4 in Necromancy
    50 | D        | Reached skill level 3 in Translocations
    50 | D        | Reached skill level 3 in Transmutations
    50 | D        | Reached skill level 3 in Fire Magic
    50 | D        | Reached skill level 3 in Ice Magic
    50 | D        | Reached skill level 3 in Air Magic
    50 | D        | Reached skill level 3 in Earth Magic
    50 | D        | Reached skill level 4 in Poison Magic
    50 | D        | Reached skill level 4 in Evocations
    50 | D        | Noticed a tyrant
    50 | D        | Noticed a destroyer
    50 | D        | Noticed a destroyer
    51 | D        | Reached skill level 6 in Ranged Weapons
    51 | D        | Reached skill level 6 in Throwing
    51 | D        | Reached skill level 6 in Shields
    51 | D        | Reached skill level 6 in Conjurations
    51 | D        | Reached skill level 6 in Summonings
    51 | D        | Reached skill level 7 in Necromancy
    51 | D        | Reached skill level 6 in Translocations
    51 | D        | Reached skill level 6 in Transmutations
    51 | D        | Reached skill level 6 in Fire Magic
    51 | D        | Reached skill level 6 in Ice Magic
    51 | D        | Reached skill level 6 in Air Magic
    51 | D        | Reached skill level 6 in Earth Magic
    51 | D        | Reached skill level 6 in Poison Magic
    51 | D        | Reached skill level 6 in Evocations
    52 | D        | Reached skill level 7 in Conjurations
    52 | D        | Reached skill level 7 in Summonings
    52 | D        | Reached skill level 8 in Necromancy
    52 | D        | Reached skill level 7 in Poison Magic
    52 | D        | Reached skill level 7 in Evocations
    52 | D        | Noticed a tyrant
    53 | D        | Killed a tyrant
    53 | D        | Killed a destroyer
    53 | D        | Noticed a destroyer
    54 | D        | Reached skill level 9 in Ranged Weapons
    54 | D        | Reached skill level 9 in Throwing
    54 | D        | Reached skill level 9 in Shields
    54 | D        | Reached skill level 10 in Conjurations
    54 | D        | Reached skill level 10 in Summonings
    54 | D        | Reached skill level 10 in Necromancy
    54 | D        | Reached skill level 9 in Translocations
    54 | D        | Reached skill level 9 in Transmutations
    54 | D        | Reached skill level 9 in Fire Magic
    54 | D        | Reached skill level 9 in Ice Magic
    54 | D        | Reached skill level 9 in Air Magic
    54 | D        | Reached skill level 9 in Earth Magic
    54 | D        | Reached skill level 10 in Poison Magic
    54 | D        | Reached skill level 10 in Evocations
    54 | D        | Gained mutation: You are resistant to unholy torment.
                  | [demonic ancestry]
    54 | D        | Reached XP level 25. HP: 234/234 MP: 7/54
    54 | D        | Noticed an accursed
    54 | D        | Noticed a large bag of meat
    55 | D        | Killed a large bag of meat
    56 | D        | Reached skill level 11 in Ranged Weapons
    56 | D        | Reached skill level 11 in Throwing
    56 | D        | Reached skill level 11 in Shields
    56 | D        | Reached skill level 12 in Conjurations
    56 | D        | Reached skill level 12 in Summonings
    56 | D        | Reached skill level 13 in Necromancy
    56 | D        | Reached skill level 11 in Translocations
    56 | D        | Reached skill level 11 in Transmutations
    56 | D        | Reached skill level 11 in Fire Magic
    56 | D        | Reached skill level 11 in Ice Magic
    56 | D        | Reached skill level 11 in Air Magic
    56 | D        | Reached skill level 11 in Earth Magic
    56 | D        | Reached skill level 12 in Poison Magic
    56 | D        | Reached skill level 12 in Evocations
    56 | D        | Noticed a destroyer
    57 | D        | Killed a destroyer
    58 | D        | Reached skill level 13 in Ranged Weapons
    58 | D        | Reached skill level 13 in Throwing
    58 | D        | Reached skill level 13 in Shields
    58 | D        | Reached skill level 14 in Conjurations
    58 | D        | Reached skill level 14 in Summonings
    58 | D        | Reached skill level 15 in Necromancy
    58 | D        | Reached skill level 13 in Translocations
    58 | D        | Reached skill level 13 in Transmutations
    58 | D        | Reached skill level 13 in Fire Magic
    58 | D        | Reached skill level 13 in Ice Magic
    58 | D        | Reached skill level 13 in Air Magic
    58 | D        | Reached skill level 13 in Earth Magic
    58 | D        | Reached skill level 14 in Poison Magic
    58 | D        | Reached skill level 14 in Evocations
    58 | D        | Noticed a destroyer
    60 | D        | Reached skill level 14 in Ranged Weapons
    60 | D        | Reached skill level 14 in Throwing
    60 | D        | Reached skill level 14 in Shields
    60 | D        | Reached skill level 15 in Conjurations
    60 | D        | Reached skill level 15 in Summonings
    60 | D        | Reached skill level 17 in Necromancy
    60 | D        | Reached skill level 14 in Translocations
    60 | D        | Reached skill level 14 in Transmutations
    60 | D        | Reached skill level 14 in Fire Magic
    60 | D        | Reached skill level 14 in Ice Magic
    60 | D        | Reached skill level 14 in Air Magic
    60 | D        | Reached skill level 14 in Earth Magic
    60 | D        | Reached skill level 15 in Poison Magic
    60 | D        | Reached skill level 15 in Evocations
    60 | D        | Gained mutation: When low on magic, you restore magic in
                  | place of health. [demonic ancestry]
    60 | D        | Reached XP level 26. HP: 242/242 MP: 6/54
    60 | D        | Killed a destroyer
    60 | D        | Killed a destroyer
    60 | D        | Killed a tyrant
    60 | D        | Noticed The Captor
    61 | D        | Reached skill level 16 in Ranged Weapons
    61 | D        | Reached skill level 16 in Throwing
    61 | D        | Reached skill level 16 in Shields
    61 | D        | Reached skill level 17 in Conjurations
    61 | D        | Reached skill level 17 in Summonings
    61 | D        | Reached skill level 19 in Necromancy
    61 | D        | Reached skill level 16 in Translocations
    61 | D        | Reached skill level 16 in Transmutations
    61 | D        | Reached skill level 16 in Fire Magic
    61 | D        | Reached skill level 16 in Ice Magic
    61 | D        | Reached skill level 16 in Air Magic
    61 | D        | Reached skill level 16 in Earth Magic
    61 | D        | Reached skill level 17 in Poison Magic
    61 | D        | Reached skill level 17 in Evocations
    61 | D        | Noticed a meat beast
    61 | D        | Killed a large bag of meat
    62 | D        | Reached skill level 17 in Ranged Weapons
    62 | D        | Reached skill level 17 in Throwing
    62 | D        | Reached skill level 17 in Shields
    62 | D        | Reached skill level 18 in Conjurations
    62 | D        | Reached skill level 18 in Summonings
    62 | D        | Reached skill level 20 in Necromancy
    62 | D        | Reached skill level 17 in Translocations
    62 | D        | Reached skill level 17 in Transmutations
    62 | D        | Reached skill level 17 in Fire Magic
    62 | D        | Reached skill level 17 in Ice Magic
    62 | D        | Reached skill level 17 in Air Magic
    62 | D        | Reached skill level 17 in Earth Magic
    62 | D        | Reached skill level 18 in Poison Magic
    62 | D        | Reached skill level 18 in Evocations
    62 | D        | Killed a destroyer
    62 | D        | Killed a meat beast
    63 | D        | Reached skill level 19 in Ranged Weapons
    63 | D        | Reached skill level 19 in Throwing
    63 | D        | Reached skill level 19 in Shields
    63 | D        | Reached skill level 20 in Conjurations
    63 | D        | Reached skill level 20 in Summonings
    63 | D        | Reached skill level 22 in Necromancy
    63 | D        | Reached skill level 19 in Translocations
    63 | D        | Reached skill level 19 in Transmutations
    63 | D        | Reached skill level 19 in Fire Magic
    63 | D        | Reached skill level 19 in Ice Magic
    63 | D        | Reached skill level 19 in Air Magic
    63 | D        | Reached skill level 19 in Earth Magic
    63 | D        | Reached skill level 20 in Poison Magic
    63 | D        | Reached skill level 20 in Evocations
    63 | D        | Gained mutation: You can hurl damnation. [demonic ancestry]
    63 | D        | Reached XP level 27. HP: 233/249 MP: 6/54
    63 | D        | Noticed a tyrant
    64 | D        | Reached skill level 21 in Conjurations
    64 | D        | Reached skill level 21 in Summonings
    64 | D        | Reached skill level 21 in Poison Magic
    64 | D        | Reached skill level 21 in Evocations
    65 | D        | Reached skill level 20 in Ranged Weapons
    65 | D        | Reached skill level 20 in Throwing
    65 | D        | Reached skill level 20 in Shields
    65 | D        | Reached skill level 23 in Necromancy
    65 | D        | Reached skill level 20 in Translocations
    65 | D        | Reached skill level 20 in Transmutations
    65 | D        | Reached skill level 20 in Fire Magic
    65 | D        | Reached skill level 20 in Ice Magic
    65 | D        | Reached skill level 20 in Air Magic
    65 | D        | Reached skill level 20 in Earth Magic
    65 | D        | Killed a destroyer
    65 | D        | Noticed a dread
    66 | D        | Reached skill level 22 in Conjurations
    66 | D        | Reached skill level 22 in Summonings
    66 | D        | Reached skill level 24 in Necromancy
    66 | D        | Reached skill level 22 in Poison Magic
    66 | D        | Reached skill level 22 in Evocations
    66 | D        | Noticed a dread
    66 | D        | Killed a destroyer
    67 | D        | Reached skill level 21 in Ranged Weapons
    67 | D        | Reached skill level 21 in Throwing
    67 | D        | Reached skill level 21 in Shields
    67 | D        | Reached skill level 23 in Conjurations
    67 | D        | Reached skill level 23 in Summonings
    67 | D        | Reached skill level 25 in Necromancy
    67 | D        | Reached skill level 21 in Translocations
    67 | D        | Reached skill level 21 in Transmutations
    67 | D        | Reached skill level 21 in Fire Magic
    67 | D        | Reached skill level 21 in Ice Magic
    67 | D        | Reached skill level 21 in Air Magic
    67 | D        | Reached skill level 21 in Earth Magic
    67 | D        | Reached skill level 23 in Poison Magic
    67 | D        | Reached skill level 23 in Evocations
    67 | D        | Noticed a destroyer
    68 | D        | Reached skill level 22 in Ranged Weapons
    68 | D        | Reached skill level 22 in Throwing
    68 | D        | Reached skill level 22 in Shields
    68 | D        | Reached skill level 24 in Conjurations
    68 | D        | Reached skill level 24 in Summonings
    68 | D        | Reached skill level 26 in Necromancy
    68 | D        | Reached skill level 22 in Translocations
    68 | D        | Reached skill level 22 in Transmutations
    68 | D        | Reached skill level 22 in Fire Magic
    68 | D        | Reached skill level 22 in Ice Magic
    68 | D        | Reached skill level 22 in Air Magic
    68 | D        | Reached skill level 22 in Earth Magic
    68 | D        | Reached skill level 24 in Poison Magic
    68 | D        | Reached skill level 24 in Evocations
    68 | D        | Noticed a dread
    69 | D        | Reached skill level 23 in Throwing
    69 | D        | Reached skill level 23 in Shields
    69 | D        | Reached skill level 23 in Fire Magic
    69 | D        | Noticed an accursed
    69 | D        | Noticed a large bag of meat
    70 | D        | Reached skill level 23 in Ranged Weapons
    70 | D        | Reached skill level 23 in Translocations
    70 | D        | Reached skill level 23 in Transmutations
    70 | D        | Reached skill level 23 in Ice Magic
    70 | D        | Reached skill level 23 in Air Magic
    70 | D        | Reached skill level 23 in Earth Magic
    70 | D        | Killed a destroyer
    70 | D        | HP: 11/249 [meat berserker/+9 battleaxe (77)]
    71 | D        | Reached skill level 25 in Conjurations
    71 | D        | Reached skill level 25 in Summonings
    71 | D        | Reached skill level 27 in Necromancy
    71 | D        | Reached skill level 25 in Poison Magic
    71 | D        | Reached skill level 25 in Evocations
    71 | D        | Noticed a dread
    72 | D        | Noticed a meat beast
    72 | D        | Killed from afar by a tyrant

Vanquished Creatures
  A hell beast (D)
  16 vampire knights (D)
  31 ogres (D)
  7 two-headed ogres (D)
  3 liches (D)
  A hydra (D)
  73 orcs (D)
  5 skeletal warriors (D)
  Harold (D)
138 creatures vanquished.

Table legend:
 A = Non-vault XP
 B = Vault XP
 C = Vault XP percentage of total XP
 D = Non-vault monster count
 E = Vault monster count
 F = Vault count percentage of total count
                 A         B        C        D         E       F
            +---------+---------+-------+---------+---------+-------
      Total |  991668 |  922291 |  48.2 |      55 |      83 |  60.1
            +---------+---------+-------+---------+---------+-------
          D |  991668 |  922291 |  48.2 |      55 |      83 |  60.1
            +---------+---------+-------+---------+---------+-------

Illustrated notes

Table legend:
 A = Kills in this place as a percentage of kills in entire the game.
 B = Kills by you in this place as a percentage of kills by you in the entire game.
 C = Kills by friends in this place as a percentage of kills by friends in the entire game.
 D = Other kills in this place as a percentage of other kills in the entire game.
 E = Experience gained in this place as a percentage of experience gained in the entire game.
 F = Experience gained in this place divided by the number of levels of this place that you have seen.
                   A       B       C       D       E      F
               +-------+-------+-------+-------+-------+----------------------
         Total | 100.0 | 100.0 |   N/A |   N/A | 100.0 | 1913959.0
       Dungeon | 100.0 | 100.0 |   N/A |   N/A | 100.0 | 1913959.0
               +-------+-------+-------+-------+-------+----------------------

Table legend: (Time is in decaauts)
 A = Elapsed time spent in this place.
 B = Non-inter-level travel time spent in this place.
 C = Inter-level travel time spent in this place.
 D = Time resting spent in this place.
 E = Time spent auto-exploring this place.
 F = Levels seen in this place.
 G = Mean time per level.
                   A        B        C        D        E       F      G
               +--------+--------+--------+--------+--------+-----+--------+
         Total |     66 |     66 |      0 |      0 |      0 |   1 |   66.0 |
       Dungeon |     66 |     66 |      0 |      0 |      0 |   1 |   66.0 |
               +--------+--------+--------+--------+--------+-----+--------+

Top non-repeatable levels by time:
       D: 66 daAuts
